 Dungeon Crawl Stone Soup version 0.23.0-3-gf3c87f2 (webtiles) character file.

Game seed: 12847966894847204865

111 Borgoz the Sneak (level 4, -2/35 HPs)
             Began as a Ghoul Enchanter on Feb 25, 2019.
             Was an Initiate of Ashenzari.
             Slain by an orc
             ... wielding a +4 mace
              (3 damage)
             ... on level 3 of the Dungeon.
             The game lasted 00:07:49 (3359 turns).

Borgoz the Sneak (Ghoul Enchanter)                  Turns: 3359, Time: 00:07:50

Health: -2/35      AC:  3    Str: 11    XL:     4   Next: 92%
Magic:  6/6        EV: 12    Int: 10    God:    Ashenzari [......]
Gold:   109        SH:  0    Dex: 10    Spells: 2/7 levels left

rFire    . . .     SeeInvis .   a - +1 dagger
rCold    + + .     Gourm    .   (no shield)
rNeg     + + +     Faith    .   b - +1 robe
rPois    ∞         Spirit   .   (no helmet)
rElec    .         Reflect  .   (no cloak)
rCorr    .         Harm     .   (no gloves)
MR       .....                  (no boots)
Stlth    ++........             (no amulet)
HPRegen  0.00/turn              h - ring of protection from cold
MPRegen  0.10/turn              g - ring of wizardry

@: about to teleport, rotting
A: rotting body, claws 1, carnivore, cold resistance 1, negative energy
resistance 3, inhibited regeneration, torment resistance, unbreathing
a: Curse Item, Renounce Religion


You were on level 3 of the Dungeon.
You worshipped Ashenzari.
Ashenzari was noncommittal.
You were not hungry.

You visited 1 branch of the dungeon, and saw 3 of its levels.

You collected 109 gold pieces.

Inventory:

Hand Weapons
 a - a +1 dagger (weapon)
Armour
 b - a +1 robe (worn)
Jewellery
 g - a ring of wizardry (right claw)
 h - a ring of protection from cold (left claw)
 i - an uncursed ring of flight
 p - a +5 ring of protection
Scrolls
 e - a scroll of fog
 f - a scroll of random uselessness {unknown}
 j - a scroll of amnesia
 k - 2 scrolls of enchant armour
 l - a scroll of enchant weapon {unknown}
 o - a scroll of fear {unknown}
Potions
 m - a potion of ambrosia
 q - a potion of might {unknown}
Comestibles
 c - 3 chunks of flesh
 d - 5 rations


   Skills:
 + Level 1.2 Fighting
 + Level 1.8 Short Blades
 + Level 2.2 Dodging
 + Level 3.7 Stealth
 + Level 2.2 Spellcasting
 * Level 3.2 Hexes


You had 2 spell levels left.
You knew the following spells:

 Your Spells              Type           Power        Failure   Level  Hunger
a - Confuse               Hex            #.......     10%         3    ####...
b - Ensorcelled Hibernat  Hex/Ice        #.....       10%         2    ###....

Your spell library contained the following spells:

 Spells                   Type           Power        Failure   Level  Hunger
 Corona                   Hex            #......      3%          1    ##.....
 Tukima's Dance           Hex            #.......     10%         3    ####...
 Dazzling Spray           Conj/Hex       #.....       19%         3    ####...


Dungeon Overview and Level Annotations

Branches:
Dungeon (3/15)

Altars:
Ashenzari


Innate Abilities, Weirdness & Mutations

Your body is rotting away.
You thrive on raw meat.
You are immune to poison.
You have sharp fingernails.
You are carnivorous and can eat meat at any time.
Your flesh is cold resistant. (rC+)
You are immune to negative energy. (rN+++)
You do not regenerate when monsters are visible.
You are immune to unholy pain and torment.
You can survive without breathing.


Message History

The orc is lightly wounded.
The orc barely misses you. The orc hits you with a +4 mace.
You hit the orc but do no damage.
The orc is lightly wounded.
The orc hits you but does no damage. The orc barely misses you.
You hit the orc but do no damage. The orc hits you with a +4 mace.
The orc closely misses you. The orc misses you.
Okay, then.
You barely miss the orc. The orc hits you with a +0 dagger.
The orc hits you with a +4 mace.
* * * LOW HITPOINT WARNING * * *
The orc misses you.
As you read the scroll labeled FAINEVY JARRAO, it crumbles to dust.
You feel strangely unstable.
It was a scroll of teleportation.
The orc hits you with a +0 dagger.
* * * LOW HITPOINT WARNING * * *
The orc hits you.
* * * LOW HITPOINT WARNING * * *
The orc hits you with a +4 mace.
You die...

#.#### #.# #.######.#
#######.##.....#
.........#.########
####...............
#.......########
#.#####.# ###
####.######### #..
#o@o)#.......# #.. #
#o##.#.#####.# #.. #.
#o.o...#####.# #..
###.######o#.......####..
..........<..............
#.......o#.##########..
..###.......# ###
#.....##### '#'#.#o###
#....#


You could see 4 orcs.

Vanquished Creatures
  A gnoll (D:1)
  An adder (D:2)
  An ooze (D:1)
  A worm (D:2)
  2 dart slugs (D:1)
  A leopard gecko (D:1)
  An orc (D:3)
  10 bats
  8 giant cockroaches
  7 goblins
  11 hobgoblins
  7 jackals
  7 kobolds
  A quokka (D:2)
  3 ball pythons
  2 frilled lizards
  2 rats
66 creatures vanquished.

Notes
Turn   | Place    | Note
-------+----------+-------------------------------------------
     0 | D:1      | Borgoz the Ghoul Enchanter began the quest for the Orb.
     0 | D:1      | Reached XP level 1. HP: 14/14 MP: 2/2
    43 | D:1      | Reached skill level 1 in Short Blades
    88 | D:1      | Reached XP level 2. HP: 10/22 MP: 1/3
   879 | D:1      | Reached XP level 3. HP: 15/27 MP: 4/4
  1037 | D:2      | Found a shattered altar of Ashenzari.
  1083 | D:2      | Learned a level 2 spell: Ensorcelled Hibernation
  1505 | D:2      | Became a worshipper of Ashenzari the Shackled
  1571 | D:1      | Reached skill level 1 in Fighting
  1571 | D:1      | Reached XP level 4. HP: 35/35 MP: 3/6
  2261 | D:2      | Learned a level 3 spell: Confuse
  3359 | D:3      | HP: 1/35 [orc (3)]
  3359 | D:3      | Slain by an orc

Skill      XL: |  1  2  3 |
---------------+----------+-----
Short Blades   | 1 |  1.8
Dodging        | 2 |  2.2
Spellcasting   | 2 |  2.2
Hexes          | 3 |  3.2
Fighting       | 1 |  1.2
Stealth        | |  3.7

Action                   |  1- 3 |  4- 6 || total
-------------------------+-------+-------++-------
Melee: Dagger            |   117 |   147 ||   264
 Cast: Corona            |    13 |     9 ||    22
       Ensorcelled Hiber |     2 |     3 ||     5
       Confuse           |       |     5 ||     5
  Use: Scroll            |       |     4 ||     4
       Potion            |       |     1 ||     1
 Stab: Sleeping          |     5 |     6 ||    11
       Confused          |       |     2 ||     2
  Eat: Chunk             |     5 |     7 ||    12
Armor: Robe              |    35 |    35 ||    70
Dodge: Dodged            |    84 |    95 ||   179
